 Dungeon Crawl Stone Soup version 0.26-a0-651-gb41185065b (webtiles) character file.

Game seed: 8061296195497436251

2 Lanoc the Sneak (level 1, -1/19 HPs)
             Began as a Barachi Delver on Oct 30, 2020.
             Slain by a leopard gecko (5 damage)
             ... in the Ecumenical Temple.
             The game lasted 00:00:53 (140 turns).

Lanoc the Sneak (Barachi Delver)                     Turns: 140, Time: 00:00:54

Health: -1/19      AC:  3    Str: 13    XL:     1   Next: 40%
Magic:  1/1        EV: 12    Int: 10    God:
Gold:   17         SH:  0    Dex: 13    Spells: 0/0 levels left

rFire    . . .     SeeInvis .   a - +0 falchion
rCold    . . .     Faith    .   (no shield)
rNeg     . . .     Spirit   .   b - +0 leather armour
rPois    .         Reflect  .   (no helmet)
rElec    .         Harm     .   (no cloak)
rCorr    .         Rampage  .   (no gloves)
MR       .....                  (no boots)
Stlth    ++........             (no amulet)
HPRegen  0.06/turn              (no ring)
MPRegen  0.07/turn              (no ring)

@: can't hop, slow
A: +LOS, swims, slowness 1, strong legs 1
a: Hop


You were in the Ecumenical Temple.
You visited 2 branches of the dungeon, and saw 3 of its levels.

You collected 17 gold pieces.

Inventory:

Hand Weapons
 a - a +0 falchion (weapon)
Armour
 b - a +0 leather armour (worn)
Wands
 g - a wand of digging (3)
Scrolls
 c - a scroll of fog
 d - a scroll of magic mapping
 e - a scroll of fear
Potions
 f - a potion of haste


   Skills:
 + Level 3.7 Fighting
 - Level 2.4 Long Blades
 + Level 2.3 Dodging
 - Level 4.5 Stealth


You couldn't memorise any spells.
You didn't know any spells.
Your spell library was empty.

Dungeon Overview and Level Annotations

Branches:
Dungeon (6/15)             Temple (1/1) D:5

Altars:


Innate Abilities, Weirdness & Mutations

You can be seen from farther away. (+LOS)
You can swim through water.
You cover ground slowly.
You can hop short distances.


Message History

12 gold pieces; 8 gold pieces
There is a staircase to the Ecumenical Temple here.
The leopard gecko bites you.
You climb downwards.
Welcome to the Ecumenical Temple!
Reactivating autopickup.
There is a staircase back to the Dungeon here.
You miss the leopard gecko. The leopard gecko closely misses you.
The leopard gecko misses you.
You hit the leopard gecko but do no damage.
The leopard gecko bites you.
You hit the leopard gecko.
The leopard gecko is moderately wounded.
The leopard gecko bites you.
* * * LOW HITPOINT WARNING * * *
The leopard gecko bites you.
* * * LOW HITPOINT WARNING * * *
You miss the leopard gecko.
The leopard gecko is moderately wounded.
The leopard gecko bites you.
You die...

≈≈.......≈≈≈...≈≈
≈≈≈≈≈...≈≈≈≈≈≈≈≈≈
≈≈≈≈...≈≈≈≈≈≈≈≈≈≈
≈≈≈...≈≈≈≈≈≈≈≈≈≈≈
≈≈≈...≈≈≈≈≈≈≈≈≈≈≈
≈≈≈≈...≈≈≈≈≈≈≈≈≈≈
≈≈≈≈≈...≈≈≈≈≈≈≈≈≈
≈≈≈....l......≈≈≈
≈≈..8...@...8..≈≈
≈≈≈...........≈≈≈
≈≈≈≈≈≈≈≈≈...≈≈≈≈≈
≈≈≈≈≈≈≈≈≈≈...≈≈≈≈
≈≈≈≈≈≈≈≈≈≈≈...≈≈≈
≈≈≈≈≈≈≈≈≈≈≈...≈≈≈
≈≈≈≈≈≈≈≈≈≈...≈≈≈≈
≈≈≈≈≈≈≈≈≈...≈≈≈≈≈
≈≈...≈≈≈.......≈≈


You could see a leopard gecko.

Vanquished Creatures
  An orc (D:5)
  A frilled lizard (D:5)
2 creatures vanquished.

Vanquished Creatures (others)
  4 fungi (D:6)
4 creatures vanquished.

Grand Total: 6 creatures vanquished

Notes
Turn   | Place    | Note
-------+----------+-------------------------------------------
     0 | D:5      | Lanoc the Barachi Delver began the quest for the Orb.
     0 | D:5      | Reached XP level 1. HP: 18/18 MP: 1/1
    35 | D:5      | Noticed an ice beast
    73 | D:5      | Noticed an orc wizard
   131 | D:5      | Found a staircase to the Ecumenical Temple.
   136 | Temple   | Entered the Ecumenical Temple
   140 | Temple   | Slain by a leopard gecko

Illustrated notes

Levels and vault maps discovered:
D:5:      layout_loops_ring, minmay_temple_entry_offerings, uniq_prince_ribbit1
D:6:      layout_basic, serial_aquarium, aquarium_bridge_long_separate
          [aquarium_subvault_wall, aquarium_subvault_bridge,
          aquarium_subvault_bridge, aquarium_subvault_bridge,
          aquarium_subvault_wall, aquarium_subvault_wall], aquarium_window_1,
          aquarium_window_fake, aquarium_view_2d, minmay_misc_feat_enclosed,
          glass_columns_b, uniq_menkaure, uniq_eustachio, uniq_maggie
Temple:   eino_temple_water

Action                   || total
-------------------------++-------
Melee: Falchion          ||     6
 Abil: Hop               ||     1
Armor: Leather armour    ||     3
Dodge: Dodged            ||    11
       Rpst.: Falchion   ||     5

Table legend: (Time is in decaauts)
 A = Elapsed time spent in this place.
 B = Non-inter-level travel time spent in this place.
 C = Inter-level travel time spent in this place.
 D = Time resting spent in this place.
 E = Time spent auto-exploring this place.
 F = Levels seen in this place.
 G = Mean time per level.
                   A        B        C        D        E       F      G
               +--------+--------+--------+--------+--------+-----+--------+
         Total |    161 |    161 |      0 |      0 |     45 |   3 |   53.7 |
       Dungeon |    157 |    157 |      0 |      0 |     45 |   2 |   78.5 |
        Temple |      4 |      4 |      0 |      0 |      0 |   1 |    4.0 |
               +--------+--------+--------+--------+--------+-----+--------+

Top non-repeatable levels by time:
     D:5: 137 daAuts
     D:6: 19 daAuts
  Temple: 4 daAuts
